 Dungeon Crawl Stone Soup version 0.24-a0-244-ga6a6ab7 (webtiles) character file.

Game seed: 5515122464959556674

955 HDogLeCool the Poker (level 7, 0/53 (55) HPs)
             Began as a Demonspawn Gladiator on Apr 9, 2019.
             Killed from afar by an orc wizard (7 damage)
             ... with a puff of flame
             ... on level 5 of the Dungeon.
             The game lasted 00:19:27 (5710 turns).

HDogLeCool the Poker (Demonspawn Gladiator)         Turns: 5710, Time: 00:19:29

HP:   0/53 (55)     AC: 12    Str: 16      XL:     7   Next: 91%
MP:   7/7           EV:  7    Int: 10      God:
Gold: 269           SH:  0    Dex:  5 (14) Spells: 6/6 levels left

rFire    . . .     SeeInvis .   a - +0 trident
rCold    . . .     Gourm    .   (no shield)
rNeg     . . .     Faith    .   r - +0 chain mail
rPois    .         Spirit   .   c - +0 helmet
rElec    .         Reflect  .   (no cloak)
rCorr    .         Harm     .   (no gloves)
MR       .....                  (no boots)
Stlth    ..........             (no amulet)
HPRegen  0.17/turn              (no ring)
MPRegen  0.10/turn              (no ring)

@: slowed, very slow
A: talons 1, yellow scales 1
a: no special abilities


You were on level 5 of the Dungeon.
You were not hungry.

You visited 1 branch of the dungeon, and saw 7 of its levels.

You collected 269 gold pieces.

Inventory:

Hand Weapons
 a - a +0 trident (weapon)
Missiles
 d - 4 throwing nets
 l - 151 stones (quivered)
Armour
 b - a +0 leather armour
 c - a +0 helmet (worn)
 r - a +0 chain mail (worn)
Jewellery
 n - a +3 ring of intelligence {unknown}
 p - a +5 ring of strength {unknown}
 t - an uncursed ring of fire
Wands
 m - a wand of polymorph (7)
Scrolls
 e - 4 scrolls of random uselessness {unknown}
 i - 3 scrolls of identify {unknown}
 j - 2 scrolls of teleportation {unknown}
 k - a scroll of magic mapping {unknown}
 o - 3 scrolls of enchant weapon {unknown}
 s - 4 scrolls of remove curse {unknown}
 v - a scroll of fog {unknown}
 w - a scroll of blinking {unknown}
 x - a scroll of silence {unknown}
 y - a scroll of noise {unknown}
Potions
 g - 2 potions of brilliance
 h - 2 potions of resistance
 q - 2 potions of flight
 u - a potion of agility {unknown}
Comestibles
 f - 12 rations
 z - 2 chunks of flesh


   Skills:
 + Level 4.8 Fighting
 * Level 6.3 Polearms
 - Level 1.7 Throwing
 + Level 3.8 Armour
 - Level 3.0 Dodging


You had 6 spell levels left.
You didn't know any spells.
Your spell library contained the following spells:

 Spells                   Type           Power        Failure   Level  Hunger
 Corona                   Hex            #......      99%         1    ##.....
 Ensorcelled Hibernation  Hex/Ice        #.....       100%        2    ###....
 Confuse                  Hex            #.......     100%        3    ####...
 Dazzling Spray           Conj/Hex       #.....       100%        3    ####...
 Tukima's Dance           Hex            #.......     100%        3    ####...


Dungeon Overview and Level Annotations

Branches:
Dungeon (7/15)
 Temple: D:4-7

Altars:
Fedhas
Nemelex Xobeh
Uskayaw
Yredelemnul


Innate Abilities, Weirdness & Mutations

You have sharp toenails.
You are partially covered in yellow scales. (AC +2)


Message History

You hit the orc priest. Your kick misses the orc priest.
The orc priest is almost dead.
The orc wizard is no longer moving quickly.
The orc wizard casts a spell.
The orc wizard blinks!
The orc priest invokes the aid of Beogh against you.
Pain shoots through your body!
* * * LOW HITPOINT WARNING * * *
You barely miss the orc priest. You claw the orc priest.
The orc priest is almost dead.
The orc priest hits you but does no damage.
The orc priest barely misses you.
You hit the orc priest.
You kill the orc priest!
You feel your dexterity returning.
You hear some strange, mumbled words.
A puff of flame appears from out of thin air!
Deactivating autopickup; reactivate with Ctrl-A.
The puff of flame hits you!
You die...

>.. ..## .... .# #..#
### .### #..# #.. ...
..# #.##.### . #(#
#....... .. #)# #....#
#. ####.#@####....# #.
.......)........# #.
.####.##.####..########.
#...................
#..#.#.##.########.#
#..#.#..............
#..#.###.########.#.
.........(.....##.#.
##....###.###........


There were no monsters in sight!

Vanquished Creatures
  Eustachio (D:5)
  A phantom (D:5)
  A sky beast (D:5)
  A necrophage (D:5)
  A centaur (D:5)
  The ghost of Mustard the Chopper, a weakling HOMo (D:3)
  A jelly (D:2)
  A quasit (D:5)
  2 orc priests
  Jessica (D:2)
  An orc wizard (D:5)
  2 worker ants
  3 gnolls (D:4)
  6 adders
  An ooze (D:4)
  An adder skeleton (D:4)
  3 dart slugs
  3 worms
  An adder simulacrum (D:3)
  A leopard gecko (D:4)
  17 orcs
  9 bats
  8 giant cockroaches
  3 goblins
  4 hobgoblins
  11 jackals
  8 kobolds
  A quokka (D:3)
  7 frilled lizards
  A giant cockroach simulacrum (D:3)
  2 jackal simulacra (D:3)
  A leopard gecko simulacrum (D:3)
  8 rats
113 creatures vanquished.

Vanquished Creatures (others)
  An orc wizard (D:5)
1 creature vanquished.

Grand Total: 114 creatures vanquished

Notes
Turn   | Place    | Note
-------+----------+-------------------------------------------
     0 | D:1      | HDogLeCool the Demonspawn Gladiator began the quest for the
                  | Orb.
     0 | D:1      | Reached XP level 1. HP: 16/16 MP: 1/1
   247 | D:1      | Gained mutation: You have sharp toenails. [demonic
                  | ancestry]
   247 | D:1      | Reached XP level 2. HP: 22/22 MP: 2/2
   297 | D:1      | Reached skill level 3 in Polearms
   822 | D:2      | Reached XP level 3. HP: 28/28 MP: 3/3
   890 | D:2      | Noticed Jessica
   895 | D:2      | Killed Jessica
   895 | D:2      | Reached skill level 1 in Armour
  1349 | D:2      | Reached XP level 4. HP: 28/34 MP: 4/4
  1424 | D:2      | Reached skill level 4 in Polearms
  1721 | D:2      | Reached XP level 5. HP: 37/41 MP: 5/5
  2342 | D:3      | Found a runed translucent gate.
  2342 | D:3      | Found a runed translucent gate.
  2342 | D:3      | Found a runed translucent gate.
  2415 | D:3      | Noticed Mustard's ghost (weakling HOMo)
  2439 | D:3      | Killed Mustard's ghost
  3019 | D:3      | Reached XP level 6. HP: 46/47 MP: 6/6
  3382 | D:3      | Found a sparkling altar of Nemelex Xobeh.
  3383 | D:3      | Found a basalt altar of Yredelemnul.
  4110 | D:4      | You fall through a shaft for 3 floors!
  4163 | D:6      | Noticed Eustachio
  4163 | D:6      | Noticed an ice beast
  4166 | D:5      | Entered Level 5 of the Dungeon
  4176 | D:5      | Killed Eustachio
  4176 | D:5      | Reached skill level 5 in Polearms
  4188 | D:5      | Noticed a sky beast
  4676 | D:4      | Gained mutation: You are partially covered in yellow
                  | scales. (AC +2) [demonic ancestry]
  4676 | D:4      | Reached XP level 7. HP: 54/54 MP: 7/7
  5269 | D:5      | Noticed a +0 dagger
  5269 | D:5      | Noticed a +0 hand axe
  5274 | D:5      | Found a hide-covered altar of Uskayaw.
  5466 | D:5      | Found a blossoming altar of Fedhas.
  5507 | D:5      | Reached skill level 6 in Polearms
  5616 | D:5      | Upgraded the game from 0.24-a0-243-g8f5f5cd to
                  | 0.24-a0-244-ga6a6ab7
  5710 | D:5      | Killed from afar by an orc wizard

Levels and vault maps discovered:
D:1:      sevenhm_arrival_forest_fort_small_3, layout_loops_ring
D:2:      layout_basic, uniq_jessica
D:3:      layout_basic, chequers_temple_overflow_statue_of_worship,
          gammafunk_ghost_icy
D:4:      lemuel_upstairs_altar, layout_rooms
D:5:      layout_basic, dancing_weapons_uskayaw, fedhas_ov_isle_minmay,
          first_ration, uniq_crazy_yiuf_cottage, uniq_menkaure
D:6:      layout_basic, xom_redecorated, nicolae_dithmenos_shadow_blocks,
          uniq_eustachio
D:7:      layout_rooms, lemuel_crystal_altar,
          minmay_temple_entry_statues_pillars

Skill      XL: |  1  2  3  4  5  6  7 |
---------------+----------------------+-----
Polearms       | 3 4 5 6 |  6.3
Armour         | 1 2 3 |  3.8
Dodging        | 3 |  3.0
Fighting       | 3 4 |  4.8
Throwing       | |  1.7

Action                   |  1- 3 |  4- 6 |  7- 9 || total
-------------------------+-------+-------+-------++-------
Melee: Trident           |   114 |   248 |   198 ||   560
       Kick              |    14 |    40 |    18 ||    72
       Unarmed           |       |    20 |       ||    20
  Use: Potion            |       |     8 |       ||     8
 Stab: Sleeping          |     3 |     2 |       ||     5
  Eat: Chunk             |     2 |    10 |     4 ||    16
Armor: Leather armour    |    27 |    25 |       ||    52
       Chain mail        |       |    41 |   135 ||   176
Dodge: Dodged            |    50 |   183 |    46 ||   279

Table legend:
 A = Non-vault XP
 B = Vault XP
 C = Vault XP percentage of total XP
 D = Non-vault monster count
 E = Vault monster count
 F = Vault count percentage of total count
                 A         B        C        D         E       F
            +---------+---------+-------+---------+---------+-------
      Total |    1066 |     299 |  21.9 |     105 |       8 |   7.1
            +---------+---------+-------+---------+---------+-------
        D:1 |      40 |       0 |   0.0 |      23 |       0 |   0.0
        D:2 |     139 |      37 |  21.0 |      27 |       1 |   3.6
        D:3 |     124 |      74 |  37.4 |      29 |       6 |  17.1
        D:4 |      88 |       0 |   0.0 |       9 |       0 |   0.0
        D:5 |     671 |     188 |  21.9 |      15 |       1 |   6.2
        D:7 |       4 |       0 |   0.0 |       2 |       0 |   0.0
            +---------+---------+-------+---------+---------+-------
